 Dungeon Crawl Stone Soup version 0.27.1-3-gb3d3a73c9e (webtiles) character file.

Game seed: 14284715812998540200

68 H0rd4k the Charlatan (level 4, -1/48 HPs)
             Began as a Human Artificer on Oct 18, 2021.
             Succumbed to a kobold brigand's poison
             ... in a sewer.
             The game lasted 00:02:50 (2758 turns).

H0rd4k the Charlatan (Human Artificer)              Turns: 2758, Time: 00:02:50

Health: -1/48      AC: 22    Str: 13    XL:     4   Next: 41%
Magic:  4/4        EV:  2    Int: 11    God:
Gold:   39         SH:  0    Dex: 14    Spells: 3/3 levels left

rFire    . . .     SeeInvis .   p - +2 dagger (freeze)
rCold    . . .     Faith    .   (no shield)
rNeg     + + +     Spirit   .   (armour currently unavailable)
rPois    +         Reflect  .   (helmet currently unavailable)
rElec    .         Harm     .   (cloak currently unavailable)
rCorr    .         Rampage  .   (gloves currently unavailable)
Will     .....     NoTele   +   (boots currently unavailable)
Stlth    ++........             (no amulet)
HPRegen  0.16/turn              (no ring)
MPRegen  0.09/turn              (no ring)

@: lethally poisoned (-1 -> -5), tree-form, on berserk cooldown, slowed, very
slow
A: stationary, stasis, torment immunity, boosted hp
a: no special abilities


You were in a sewer.
You were a tree.
You visited 1 branch of the dungeon, and saw 3 of its levels.
You also visited: Sewer.

You collected 39 gold pieces.

Inventory:

Hand Weapons
 p - a +2 dagger of freezing (weapon)
Missiles
 i - 9 poisoned darts
Armour
 b - a +0 leather armour (melded)
 q - a +0 pair of gloves (melded)
Magical Staves
 j - a staff of air
 r - a staff of death
Jewellery
 h - a ring of poison resistance
 u - an amulet of faith
 w - a ring of willpower
Wands
 c - a wand of flame (11) (quivered)
 d - a wand of charming (10)
Scrolls
 a - 2 scrolls of noise {unknown}
 g - a scroll of magic mapping {unknown}
 k - 2 scrolls of amnesia {unknown}
 n - a scroll of enchant weapon {unknown}
 o - a scroll of immolation {unknown}
 t - a scroll of teleportation {unknown}
Potions
 f - a potion of berserk rage
 m - a potion of brilliance {unknown}
 s - a potion of flight {unknown}
Miscellaneous
 e - a piece from Xom's chessboard (15/15)


   Skills:
 + Level 1.3 Fighting
 + Level 0.5 Short Blades
 - Level 2.0 Armour
 + Level 1.4 Dodging
 - Level 1.0 Stealth
 + Level 4.5 Evocations


You had 3 spell levels left.
You didn't know any spells.
Your spell library contained the following spells:

 Spells                   Type           Power      Damage    Failure   Level
 Animate Skeleton         Necr           0%         N/A       34%         1
 Apportation              Tloc           0%         N/A       34%         1
 Corona                   Hex            0%         N/A       34%         1
 Magic Dart               Conj           0%         1d3       34%         1
 Summon Small Mammal      Summ           0%         N/A       34%         1
 Call Imp                 Summ           0%         N/A       47%         2
 Mephitic Cloud           Conj/Pois/Air  0%         N/A       71%         3


Dungeon Overview and Level Annotations

Branches:
Dungeon (3/15)              Sewer (1/1)

Altars:

Annotations:
D:2 Terence


Message History

* * * LOW HITPOINT WARNING * * *
You feel sick.
The kobold brigand throws a poisoned dart.
The poisoned dart hits your kobold brigand!
Your kobold brigand is poisoned.
Your kobold brigand barely misses the kobold brigand.
It was a potion of curing.
You feel better.
The kobold brigand misses your kobold brigand.
Your kobold brigand hits the kobold brigand with a +0 dagger!
The kobold brigand hits your kobold brigand with a +0 short sword.
Your kobold brigand hits the kobold brigand with a +0 dagger.
The kobold brigand hits your kobold brigand with a +0 short sword.
Your kobold brigand splashes around in the water.
The kobold brigand hits your kobold brigand with a +0 short sword!
Your kobold brigand hits the kobold brigand with a +0 dagger.
The kobold brigand throws a poisoned dart.
The poisoned dart misses your kobold brigand.
The poisoned dart hits you!
You are poisoned.
You feel very sick.
Your kobold brigand hits the kobold brigand with a +0 dagger.
The kobold brigand hits your kobold brigand with a +0 short sword!
Your kobold brigand dies!
You hear a splash. x2; The kobold brigand shouts!
Unknown command.
You enter the shallow water.
Moving in this stuff is going to be slow.
* * * LOW HITPOINT WARNING * * *
You feel very sick.
The kobold brigand hits you with a +0 short sword.
* * * LOW HITPOINT WARNING * * *
The kobold brigand hits you with a +0 short sword.
* * * LOW HITPOINT WARNING * * *
The kobold brigand closely misses you.
Items here: ( ) ††.
It was a potion of lignification.
You turn into a tree.
Your +0 pair of gloves melds into your body.
Your +0 leather armour melds into your body.
Your roots penetrate the ground.
You die...

#.≈≈..#####..≈..
#.≈.≈## #≈.≈≈
#.≈.## #≈≈ #≈≈.#
#.≈.# ##≈≈≈##
#≈≈≈≈≈# #K###≈#
#♣# #.# ##.###.#
#.≈≈#≈≈≈
#≈#≈#≈#≈# #≈ ≈#≈
K# #≈ ≈#≈ ≈# #.
.#! .# ## ### ##


You could see a kobold brigand.

Vanquished Creatures
  3 adders (D:2)
  2 dart slugs (D:1)
  2 ball pythons
  3 endoplasms
  5 giant cockroaches
  A goblin (D:2)
  A hobgoblin (D:2)
  6 kobolds
  3 quokkas
  6 frilled lizards
  5 rats
37 creatures vanquished.

Vanquished Creatures (others)
  A kobold brigand (Sewer)
  A plant (D:1)
2 creatures vanquished.

Grand Total: 39 creatures vanquished

Notes
Turn   | Place    | Note
-------+----------+-------------------------------------------
     0 | D:1      | H0rd4k the Human Artificer began the quest for the Orb.
     0 | D:1      | Reached XP level 1. HP: 15/15 MP: 1/1
   438 | D:1      | Reached XP level 2. HP: 8/21 MP: 2/2
  1126 | D:1      | Found a faded altar of an unknown god.
  1538 | D:2      | Reached XP level 3. HP: 23/26 MP: 3/3
  1576 | D:2      | Reached skill level 4 in Evocations
  1891 | D:2      | Reached XP level 4. HP: 32/32 MP: 4/4
  2305 | D:2      | Noticed Terence
  2586 | D:3      | Found a glowing drain.
  2694 | Sewer    | Entered a sewer
  2713 | Sewer    | Noticed a kobold brigand
  2732 | Sewer    | Noticed a kobold brigand
  2757 | Sewer    | HP: 1/32 [kobold brigand (2)]
  2758 | Sewer    | Succumbed to a kobold brigand's poison

Illustrated notes

Levels and vault maps discovered:
D:1:      dpeg_arrival_triangle_fractal, layout_basic,
          ebering_ecumenical_altar_sacrificial, serial_forest,
          infiniplex_forest_lined_corner, infiniplex_forest_clump_diagonal,
          infiniplex_forest_end_2, infiniplex_forest_lined_room_3,
          infiniplex_forest_straight_1, infiniplex_forest_zigzag_1,
          infiniplex_forest_clump_small, infiniplex_forest_corner_2,
          infiniplex_forest_lined_2
D:2:      layout_rooms, uniq_terence
D:3:      layout_loops_corners, ashenzari_conservatory_becter,
          portal_sewer_entry_f
Sewer:    sewer_co_tree

Skill      XL: |  1  2  3 |
---------------+----------+-----
Evocations     | 4 |  4.5
Fighting       | |  1.3
Short Blades   | |  0.5
Armour         | |  2.0
Dodging        | |  1.4
Stealth        | |  1.0

Action                   |  1- 3 |  4- 6 || total
-------------------------+-------+-------++-------
Melee: Club              |    19 |       ||    19
       Short sword       |    61 |       ||    61
       Dagger            |    10 |    54 ||    64
Evoke: Wand              |     4 |     5 ||     9
  Use: Potion            |       |     3 ||     3
 Stab: Sleeping          |     3 |     2 ||     5
Armor: Leather armour    |    23 |    10 ||    33
Dodge: Dodged            |    52 |    34 ||    86
